 Dungeon Crawl Stone Soup version 0.31-a0-198-g2ad674f65e (webtiles) character file.

Game seed: 17572289565657698024

757 qw the Skirmisher (level 7, -2/40 HPs)
             Began as a Deep Elf Hunter on June 25, 2023.
             Was an Initiate of Okawaru.
             Slain by a black bear (4 damage)
             ... on level 6 of the Dungeon.
             The game lasted 00:01:46 (4446 turns).

qw the Skirmisher (Deep Elf Hunter)                 Turns: 4446, Time: 00:01:46

Health: -2/40      AC:  6    Str: 10    XL:     7   Next: 50%
Magic:  8/9        EV: 13    Int: 14    God:    Okawaru [......]
Gold:   184        SH:  0    Dex: 18    Spells: 6/6 levels left

rFire   . . .        Y - +0 shortbow (flame)
rCold   + . .        (shield currently unavailable)
rNeg    . . .        k - +1 leather armour {rC+}
rPois   +            g - +1 hat
rElec   +            (no cloak)
rCorr   .            (no gloves)
SInv    .            q - +0 pair of boots
Will    .....        (no amulet)
Stlth   ++           o - ring of poison resistance
HPRegen 0.26/turn    (no ring)
MPRegen 0.11/turn

%: no passive effects
@: about to teleport
A: horns 1, electricity resistance
a: Renounce Religion


You were on level 6 of the Dungeon.
You worshipped Okawaru.
Okawaru was noncommittal.
You visited 2 branches of the dungeon, and saw 7 of its levels.

You collected 244 gold pieces.
You spent 60 gold pieces at shops.


Innate Abilities, Weirdness & Mutations

You have a pair of small horns on your head.
You are resistant to electric shocks. (rElec)


   Skills:
 - Level 2.0 Fighting
 + Level 11.1 Ranged Weapons
 - Level 4.5 Dodging
 - Level 1.2 Stealth


You had 6 spell levels left.
You didn't know any spells.
Your spell library was empty.

Inventory:

Hand Weapons
 Y - a +0 shortbow of flaming (weapon)
Armour
 g - a +1 hat (worn)
 i - a +0 ring mail
 k - a +1 leather armour of cold resistance (worn)
 q - a +0 pair of boots (worn)
Jewellery
 m - a ring of poison resistance
 o - a ring of poison resistance (left hand)
Scrolls
 j - a scroll of teleportation
 n - a scroll of identify
Potions
 a - a potion of enlightenment
 b - a potion of haste
 c - a potion of might
 d - 2 potions of mutation
 f - 4 potions of curing

Dungeon Overview and Level Annotations

Branches:
Dungeon (6/15)             Temple (1/1) D:4

Altars:
Ashenzari
Cheibriados
Dithmenos
Elyvilon
Fedhas
Hepliaklqana
Makhleb
Nemelex Xobeh
Okawaru
Ru
Trog
Uskayaw
Vehumet
Wu Jian
Yredelemnul
The Shining One

Shops:
D:1 ?[![!

Annotations:
D:3 2 transporters


Message History

You shoot an arrow.
The arrow completely misses the gnoll bouda.
You feel like a meek peon again.
Your attacks no longer feel as feeble.
The gnoll bouda hits you with a +0 club.
4439 ||| READING 3 scrolls of teleportation.
As you read the scroll of teleportation, it crumbles to dust.
You feel strangely unstable. The gnoll misses you.
The gnoll bouda closely misses you.
You shoot an arrow.
The arrow barely misses the gnoll bouda.
The gnoll closely misses you.
The gnoll bouda hits you but does no damage.
You shoot an arrow.
The arrow closely misses the gnoll bouda.
The gnoll barely misses you.
The gnoll bouda hits you with a +0 club!
You shoot an arrow. The arrow hits the gnoll bouda.
The gnoll bouda is heavily wounded.
The gnoll hits you from afar with a +0 halberd.
You shoot an arrow. The arrow hits the gnoll bouda.
The arrow burns the gnoll bouda.
The gnoll bouda is almost dead.
The gnoll bouda misses you. The gnoll closely misses you.
You shoot an arrow. The arrow hits the gnoll bouda.
You kill the gnoll bouda!
Okawaru accepts your kill.
Your surroundings suddenly seem different.
Found a gilded ring.
The black bear growls angrily.
Enter note:
Enter note:
4445 ||| READING 2 scrolls of teleportation.
As you read the scroll of teleportation, it crumbles to dust.
You feel strangely unstable. The black bear misses you.
The black bear barely misses you. The black bear completely misses you.
You shoot an arrow. The arrow barely misses the black bear.
The black bear bites you. The black bear barely misses you.
The black bear claws you.
You die...

###................#
#....##.##.#.......#
#.#.....##.#...!...####
#>.................)..#
###.##############.##.#
# ........# #.##..
#.......# ..###.
#.h.....# ##.# #.
#.@.....# #.# #.
####....=. #h# #. ..###
#h #. .# #. .. ## .. .
#


You could see a black bear.

Vanquished Creatures
  A black bear (D:6)
  2 centaurs (D:6)
  A bullfrog (D:6)
  A scorpion (D:5)
  A gnoll bouda (D:6)
  2 hounds
  An iguana (D:3)
  Terence (D:3)
  3 orc wizards
  A gnoll (D:6)
  5 adders
  A shadow imp (D:6)
  An ufetubus (D:4)
  A worm (D:3)
  3 dart slugs
  4 orcs
  11 ball pythons
  4 bats
  4 endoplasms (D:1)
  6 giant cockroaches
  6 hobgoblins
  2 quokkas
  3 frilled lizards
  5 goblins
  5 kobolds
  3 rats
78 creatures vanquished.

Notes
Turn   | Place    | Note
-------+----------+-------------------------------------------
     0 | D:1      | qw the Deep Elf Hunter began the quest for the Orb.
     0 | D:1      | Reached XP level 1. HP: 12/12 MP: 3/3
     0 | D:1      | 0 ||| qw: Version: 0.3-a-22-g0ed2b0b
     0 | D:1      | 0 ||| qw: Game counter: 5095
     0 | D:1      | 0 ||| qw: Melee chars always use a shield: true
     0 | D:1      | 0 ||| qw: God list: Okawaru
     0 | D:1      | 0 ||| qw: Allow faded altars: false
     0 | D:1      | 0 ||| qw: Do Orc after clearing Dungeon:15 true
     0 | D:1      | 0 ||| qw: Do second Lair branch before Depths: true
     0 | D:1      | 0 ||| qw: Lair rune preference: random
     0 | D:1      | 0 ||| qw: Goals: Normal
     0 | D:1      | 0 ||| PLANNING D:1-11
    36 | D:1      | Found Xoeske's Magic Scroll Shoppe.
    37 | D:1      | Found Myto's Armour Emporium.
    45 | D:1      | 45 ||| SHOPLISTING +0 pair of boots (58 gold, have 10).
    45 | D:1      | 45 ||| SHOPLISTING +0 ring mail (52 gold, have 10).
    45 | D:1      | 45 ||| SHOPLISTING +3 leather armour of poison resistance
                  | (273 gold, have 10).
    47 | D:1      | 47 ||| SHOPLISTING scroll of brand weapon (114 gold, have
                  | 10).
    47 | D:1      | 47 ||| SHOPLISTING scroll of enchant weapon (90 gold, have
                  | 10).
    47 | D:1      | 47 ||| SHOPLISTING scroll of identify (24 gold, have 10).
    47 | D:1      | 47 ||| SHOPLISTING scroll of teleportation (36 gold, have
                  | 10).
    53 | D:1      | Found Liebioni's Armour Emporium.
    61 | D:1      | 61 ||| SHOPLISTING +0 scale mail (48 gold, have 10).
    61 | D:1      | 61 ||| SHOPLISTING +2 robe of Peek-a-Boo {rF+ rN+ MP+9
                  | Dex+5} (699 gold, have 10).
    61 | D:1      | 61 ||| SHOPLISTING +3 leather armour of willpower (288
                  | gold, have 10).
    61 | D:1      | 61 ||| SHOPLISTING +4 ring mail of poison resistance (336
                  | gold, have 10).
    66 | D:1      | Found Gucwiv's Distillery.
    68 | D:1      | Reached XP level 2. HP: 16/16 MP: 4/4
    75 | D:1      | 75 ||| SHOPLISTING 2 potions of might (112 gold, have 10).
    75 | D:1      | 75 ||| SHOPLISTING potion of haste (140 gold, have 10).
    83 | D:1      | Reached skill level 6 in Ranged Weapons
   405 | D:1      | You fall into a shaft and drop 1 floor!
   430 | D:2      | Reached XP level 3. HP: 20/20 MP: 5/5
   723 | D:2      | 723 ||| UPGRADING to +1 hat.
   728 | D:2      | 728 ||| UPGRADING to +0 ring mail.
   738 | D:2      | 738 ||| DROPPING +0 leather armour.
   739 | D:2      | 739 ||| READING scroll labelled RUYPRO KAWA.
   740 | D:2      | 740 ||| READING scroll labelled LAFUAMO JUJA.
   741 | D:2      | 741 ||| READING scroll labelled BIESSU WIWAEB.
   742 | D:2      | 742 ||| DRINKING 2 fizzy red potions.
   743 | D:2      | 743 ||| DROPPING scroll of butterflies.
   744 | D:2      | 744 ||| DROPPING potion of degeneration.
   783 | D:1      | Found Recue's Distillery.
   787 | D:1      | 787 ||| BUYING potion of curing (30 gold).
   787 | D:1      | Bought a potion of curing for 30 gold pieces
   787 | D:1      | 787 ||| BUYING potion of curing (30 gold).
   787 | D:1      | Bought a potion of curing for 30 gold pieces
   787 | D:1      | 787 ||| SHOPLISTING potion of enlightenment (50 gold, have
                  | 29).
   787 | D:1      | 787 ||| SHOPLISTING potion of heal wounds (50 gold, have
                  | 29).
   787 | D:1      | 787 ||| SHOPLISTING potion of resistance (100 gold, have
                  | 29).
  1454 | D:2      | 1454 ||| DROPPING amulet of magic regeneration.
  1455 | D:2      | 1455 ||| READING scroll labelled XALIWU KOGRAUN.
  1456 | D:2      | 1456 ||| READING 2 scrolls labelled FIOCYETSECKO.
  1487 | D:3      | Reached skill level 7 in Ranged Weapons
  1638 | D:3      | Reached XP level 4. HP: 25/25 MP: 6/6
  1654 | D:3      | Found a transporter.
  1974 | D:3      | Found a transporter.
  2011 | D:3      | Noticed Terence
  2015 | D:3      | Killed Terence
  2090 | D:3      | Reached skill level 8 in Ranged Weapons
  2247 | D:3      | 2247 ||| UPGRADING to +1 leather armour of cold resistance.
  2257 | D:3      | 2257 ||| READING scroll labelled ZUTUAP GASITEU.
  2258 | D:3      | 2258 ||| DRINKING 3 smoky blue potions.
  2258 | D:3      | Gained mutation: You are resistant to electric shocks.
                  | (rElec) [potion of mutation]
  2258 | D:3      | Gained mutation: You have a pair of small horns on your
                  | head. [potion of mutation]
  2344 | D:4      | Reached XP level 5. HP: 29/29 MP: 7/7
  2487 | D:4      | Found a staircase to the Ecumenical Temple.
  2488 | D:4      | 2488 ||| PLANNING TEMPLE
  2488 | D:4      | 2488 ||| DRINKING 2 white potions.
  2489 | D:4      | 2489 ||| READING 2 scrolls of identify.
  2489 | D:4      | 2489 ||| IDENTIFYING black potion
  2496 | Temple   | Entered the Ecumenical Temple
  2656 | Temple   | 2656 ||| PLANNING OKAWARU WORSHIP
  2739 | Temple   | Became a worshipper of Warmaster Okawaru
  2740 | Temple   | 2740 ||| PLANNING D:1-11
  2864 | D:4      | Reached skill level 9 in Ranged Weapons
  3400 | D:4      | 3400 ||| UPGRADING to +0 pair of boots.
  3405 | D:4      | 3405 ||| UPGRADING to ring of poison resistance.
  3406 | D:4      | 3406 ||| READING scroll labelled ZYJURHEMOFU.
  3407 | D:4      | 3407 ||| READING scroll labelled EMU MYIXTAOMN.
  3446 | D:5      | Entered Level 5 of the Dungeon
  3531 | D:5      | Reached skill level 3 in Dodging
  3618 | D:5      | Found a white marble altar of Elyvilon.
  3641 | D:5      | Found a hazy altar of Hepliaklqana.
  3748 | D:5      | Reached XP level 6. HP: 35/35 MP: 8/8
  3983 | D:5      | 3983 ||| Stepping ~*~*~tactically~*~*~ (outnumbered).
  3990 | D:5      | 3990 ||| Stepping ~*~*~tactically~*~*~ (outnumbered).
  4014 | D:5      | Found a burning altar of Makhleb.
  4131 | D:5      | 4131 ||| READING scroll labelled RAEMUI EPLETUIX.
  4232 | D:5      | 4232 ||| DRINKING 2 bubbling golden potions.
  4233 | D:5      | 4233 ||| DRINKING 2 glowing dark potions.
  4234 | D:5      | 4234 ||| READING 2 scrolls of identify.
  4234 | D:5      | 4234 ||| IDENTIFYING sedimented purple potion
  4235 | D:5      | 4235 ||| DROPPING potion of attraction.
  4236 | D:5      | 4236 ||| DROPPING potion of brilliance.
  4267 | D:6      | Reached skill level 10 in Ranged Weapons
  4288 | D:6      | Reached XP level 7. HP: 30/40 MP: 9/9
  4288 | D:6      | 4288 ||| FLEEEEING.
  4289 | D:6      | 4289 ||| FLEEEEING.
  4294 | D:6      | 4294 ||| STAIRDANCE
  4326 | D:5      | 4326 ||| READING 2 scrolls of identify.
  4326 | D:5      | 4326 ||| IDENTIFYING amethyst potion
  4327 | D:5      | 4327 ||| DROPPING potion of invisibility.
  4424 | D:6      | Reached * piety under Okawaru
  4425 | D:6      | 4425 ||| INVOKING Heroism.
  4428 | D:6      | Reached skill level 11 in Ranged Weapons
  4438 | D:6      | HP: 10/40 [gnoll bouda/+0 club (6)]
  4439 | D:6      | 4439 ||| READING 3 scrolls of teleportation.
  4441 | D:6      | HP: 4/40 [gnoll bouda/+0 club (7)]
  4445 | D:6      | 4445 ||| READING 2 scrolls of teleportation.
  4446 | D:6      | HP: 2/40 [black bear (2)]
  4446 | D:6      | Slain by a black bear

Levels and vault maps discovered:
D:1:      nzn_arrival_settlement, layout_rooms, serial_shops, shop, shop,
          nicolae_shop_statue_plus, nicolae_shop_pleasant_corner_grove, shop,
          minmay_quantized
D:2:      layout_basic, serial_bayou_pond_e,
          hangedman_abyss_or_decor_lesser_grid, chequers_big_river
D:3:      gammafunk_wand_slinger, layout_basic, kennysheep_generic_room_3,
          uniq_terence
D:4:      layout_basic, minmay_temple_entry_drinking_statues, minmay_pentangle
D:5:      layout_loops_ring, mainiacjoe_overflow_large_starburst,
          mainiacjoe_overflow_surrounded_room, nrook_campfire
D:6:      layout_basic, lemuel_round_altar, amcnicky_altar_gilded, led_sif_pool
Temple:   nicolae_temple_figure_eight

Skill      XL: |  1  2  3  4  5  6  7 |
---------------+----------------------+-----
Ranged Weapons | 6 7 8 9 10 11 | 11.1
Dodging        | 3 4 |  4.5
Fighting       | 2 |  2.0
Stealth        | |  1.2

Action                     |  1- 3 |  4- 6 |  7- 9 || total
---------------------------+-------+-------+-------++-------
   Fire: Shortbow          |   103 |   115 |    38 ||   256
 Invoke: Heroism           |       |       |     1 ||     1
    Use: Scroll            |     5 |     6 |     3 ||    14
         Potion            |     1 |     4 |       ||     5
 Armour: Leather armour    |     8 |    15 |     7 ||    30
         Ring mail         |    11 |       |       ||    11
  Dodge: Dodged            |    23 |    38 |    30 ||    91

Table legend:
 A = Non-vault XP
 B = Vault XP
 C = Vault XP percentage of total XP
 D = Non-vault monster count
 E = Vault monster count
 F = Vault count percentage of total count
                 A         B        C        D         E       F
            +---------+---------+-------+---------+---------+-------
      Total |     984 |      98 |   9.1 |      66 |      12 |  15.4
            +---------+---------+-------+---------+---------+-------
        D:1 |      29 |      10 |  25.6 |      17 |       5 |  22.7
        D:2 |      20 |       0 |   0.0 |      10 |       0 |   0.0
        D:3 |      88 |      36 |  29.0 |      15 |       1 |   6.2
        D:4 |      56 |      52 |  48.1 |       7 |       6 |  46.2
        D:5 |     236 |       0 |   0.0 |       9 |       0 |   0.0
        D:6 |     555 |       0 |   0.0 |       8 |       0 |   0.0
            +---------+---------+-------+---------+---------+-------
